 Dungeon Crawl Stone Soup version 0.29.0-5-ge4962eb29e (webtiles) character file.

Game seed: 6470580815024017728

497 apoch the Cleaver (level 6, 0/51 HPs)
             Began as a Minotaur Fighter on Aug 29, 2022.
             Was a Follower of Qazlal.
             Slain by a gnoll
             ... wielding a +0 spear
             ... led by a gnoll bouda
              (2 damage)
             ... on level 5 of the Dungeon.
             The game lasted 00:07:48 (2658 turns).

apoch the Cleaver (Minotaur Fighter)                Turns: 2658, Time: 00:07:49

Health: 0/51       AC:  9    Str: 22    XL:     6   Next: 93%
Magic:  7/7        EV:  9    Int:  5    God:    Qazlal [*.....]
Gold:   193        SH:  6    Dex: 10    Spells: 5/5 levels left

rFire   . . .      SeeInvis .   a - +1 war axe
rCold   . . .      Faith    .   c - +0 buckler
rNeg    . . .      Spirit   .   b - +0 scale mail
rPois   .          Reflect  .   (helmet restricted)
rElec   .          Harm     .   k - +1 cloak
rCorr   .          Rampage  .   (no gloves)
Will    .....                   (no boots)
Stlth   ..........              f - amulet of regeneration
HPRegen 0.97/turn               (no ring)
MPRegen 0.10/turn               (no ring)

@: no status effects
A: horns 2, retaliatory headbutt
a: Renounce Religion


You were on level 5 of the Dungeon.
You worshipped Qazlal.
Qazlal was aware of your devotion.
You visited 1 branch of the dungeon, and saw 5 of its levels.
You also visited: Sewer.

You collected 193 gold pieces.

Inventory:

Hand Weapons
 a - a +1 war axe (weapon)
 v - a +0 war axe
 y - a +1 whip of venom
Missiles
 e - 7 stones
 h - 7 boomerangs
 o - 4 javelins (quivered)
 t - 6 poisoned darts
Armour
 b - a +0 scale mail (worn)
 c - a +0 buckler (worn)
 k - a +1 cloak (worn)
Jewellery
 f - an amulet of regeneration (around neck)
 g - an amulet of faith
Wands
 B - a wand of mindburst (15)
Scrolls
 l - 3 scrolls of teleportation
 q - a scroll of summoning
 r - a scroll of enchant armour
 C - 2 scrolls of blinking
Potions
 d - 2 potions of might
 i - a potion of berserk rage
 j - 2 potions of ambrosia
 m - a potion of haste
 n - a potion of cancellation
 p - a potion of degeneration {unknown}
 w - a potion of flight {unknown}
 x - a potion of mutation {unknown}
 z - a potion of curing {unknown}
 A - a potion of attraction {unknown}


   Skills:
 - Level 3.6 Fighting
 + Level 8.1 Axes
 - Level 3.6 Armour
 - Level 3.6 Shields
 + Level 3.1 Invocations


You had 5 spell levels left.
You didn't know any spells.
Your spell library contained the following spells:

 Spells                   Type           Power      Damage    Failure   Level
 Poisonous Vapours        Pois/Air       0%         N/A       95%         2
 Dazzling Flash           Conj/Hex       0%         N/A       99%         3
 Corpse Rot               Necr/Pois/Air  0%         N/A       100%        4
 Iskenderun's Mystic Bla  Conj/Tloc      0%         2d3       100%        4
 Starburst                Conj/Fire      0%         6d3       100%        6


Dungeon Overview and Level Annotations

Branches:
Dungeon (5/15)              Sewer (visited)
 Temple: D:4-7

Altars:
Qazlal

Shops:
D:2 [


Innate Abilities, Weirdness & Mutations

You have a pair of horns on your head.
You reflexively headbutt those who attack you in melee.


Message History

You throw a javelin. The javelin closely misses the gnoll.
The gnoll hits you but does no damage. You block the gnoll's attack.
The gnoll hits you from afar with a +0 spear.
You throw a javelin. The javelin barely misses the gnoll.
The gnoll barely misses you.
The gnoll hits you but does no damage. x2
You throw a javelin. The javelin closely misses the gnoll.
An orc comes into view. It is wielding a +0 club.
The gnoll hits you from afar with a +0 spear.
The gnoll barely misses you. x2; You block the gnoll's attack.
You throw a javelin. The javelin barely misses the gnoll.
The orc priest calls down the wrath of Beogh upon you.
Beogh smites you!
The gnoll hits you from afar with a +0 spear.
* * * LOW HITPOINT WARNING * * *
The gnoll hits you but does no damage.
You are too injured to fight recklessly!
The gnoll barely misses you. The gnoll closely misses you.
The orc priest calls down the wrath of Beogh upon you.
Beogh smites you!
* * * LOW HITPOINT WARNING * * *
You hear an angry hiss.
Items here: ))) [ †.
You closely miss the gnoll. You barely miss the gnoll.
An adder comes into view.
The gnoll hits you with a +0 spear.
* * * LOW HITPOINT WARNING * * *
You block the gnoll's attack. The gnoll barely misses you.
You slash the gnoll!
You kill the gnoll!
Qazlal accepts your kill.
You barely miss the gnoll. The gnoll closely misses you.
Unknown command.
You hit the orc priest. Your headbutt misses the orc priest.
The orc priest is moderately wounded.
You closely miss the gnoll.
A phantom comes into view.
The orc priest hits you with a +0 club.
* * * LOW HITPOINT WARNING * * *
The gnoll hits you with a +0 spear.
You die...

## #. . ...
W#....
#S..#
######ooo#
#....@g#
#.######
###.#
##...#
######..###
#......##
#....###
#...<#
#....#


You could see a phantom, an orc priest, a gnoll (swift), an adder and 2 orcs.

Vanquished Creatures
  Pargi (Sewer)
  An ogre (D:4)
  A scorpion (D:4)
  A hound (D:4)
  A gnoll bouda (D:5)
  7 adders
  5 gnolls
  4 orcs
  7 bats
  7 endoplasms
  2 giant cockroaches (D:3)
  4 goblins (D:4)
  3 hobgoblins
  4 quokkas
  10 ball pythons
  3 frilled lizards
  11 kobolds
  2 rats
74 creatures vanquished.

Vanquished Creatures (collateral kills)
  2 gnolls (D:3)
  A quokka (D:3)
3 creatures vanquished.

Vanquished Creatures (others)
  8 plants (D:1)
8 creatures vanquished.

Grand Total: 85 creatures vanquished

Notes
Turn   | Place    | Note
-------+----------+-------------------------------------------
     0 | D:1      | apoch the Minotaur Fighter began the quest for the Orb.
     0 | D:1      | Reached XP level 1. HP: 19/19 MP: 0/0
   185 | D:1      | Reached skill level 3 in Axes
   349 | D:1      | Reached XP level 2. HP: 26/26 MP: 1/1
   733 | D:1      | Reached skill level 4 in Axes
   924 | D:2      | Found a faded altar of an unknown god.
   936 | D:2      | Reached XP level 3. HP: 30/31 MP: 2/2
   956 | D:2      | Found Dumuq's Antique Armour Emporium.
  1259 | D:3      | Reached skill level 5 in Axes
  1329 | D:3      | Reached XP level 4. HP: 39/39 MP: 3/3
  1339 | D:3      | Found a glowing drain.
  1345 | Sewer    | Entered a sewer
  1472 | Sewer    | Noticed Pargi
  1476 | Sewer    | Killed Pargi
  1477 | Sewer    | Reached skill level 6 in Axes
  1477 | Sewer    | Reached XP level 5. HP: 35/45 MP: 4/4
  1679 | D:3      | Found a stormy altar of Qazlal.
  1706 | D:3      | Became a worshipper of Qazlal Stormbringer
  1830 | D:3      | Reached skill level 7 in Axes
  2022 | D:4      | Noticed an ogre
  2029 | D:4      | Killed an ogre
  2030 | D:4      | Reached skill level 1 in Invocations
  2030 | D:4      | Reached XP level 6. HP: 51/51 MP: 4/6
  2283 | D:4      | Reached * piety under Qazlal
  2611 | D:5      | Entered Level 5 of the Dungeon
  2647 | D:5      | Reached skill level 8 in Axes
  2658 | D:5      | HP: 2/51 [orc priest/+0 club (3)]
  2658 | D:5      | Slain by a gnoll

Illustrated notes

Levels and vault maps discovered:
D:1:      dpeg_arrival_pits, layout_basic, nrook_loot_triangle, chequers_garden,
          nicolae_grassy_gnolls
D:2:      layout_rooms, shapermc_ecumenical_altar_acropolis, serial_shops, shop
D:3:      layout_rooms, nicolae_overflow_crystal_walls, gup_sewer_entry_pipe,
          hex_large
D:4:      layout_rooms, st_stairs_10, reono_crystal_passage
D:5:      layout_rooms, minmay_temple_entry_proselytizer, uniq_duvessa

Skill      XL: |  1  2  3  4  5  6 |
---------------+-------------------+-----
Axes           | 3 4 5 6 7 8 |  8.1
Invocations    | 1 3 |  3.1
Fighting       | |  3.6
Armour         | |  3.6
Shields        | |  3.6

Action                   |  1- 3 |  4- 6 || total
-------------------------+-------+-------++-------
Melee: War axe           |    50 |   106 ||   156
       Headbutt          |     6 |    12 ||    18
Throw: Stone             |    29 |     7 ||    36
       Javelin           |       |    13 ||    13
  Use: Scroll            |     5 |     6 ||    11
Armor: Scale mail        |    15 |    53 ||    68
Dodge: Dodged            |    31 |    62 ||    93
Block: Buckler           |    10 |    36 ||    46
